 Dungeon Crawl Stone Soup version 0.29-a0-676-ga64570c9d2 (webtiles) character file.

Game seed: 15862832006899932266

9 lesaewzxc the Insei (level 2, -1/22 HPs)
             Began as a Djinni Transmuter on June 24, 2022.
             Slain by a ball python (2 damage)
             ... on level 1 of the Dungeon.
             The game lasted 00:01:16 (192 turns).

lesaewzxc the Insei (Djinni Transmuter)              Turns: 192, Time: 00:01:17

Health: -1/22      AC:  2    Str:  9    XL:     2   Next: 20%
Gold:   0          EV:  9    Int: 14    God:
                   SH:  0    Dex: 13

rFire   + + .      SeeInvis .     - Unarmed
rCold   x . .      Faith    .   (no shield)
rNeg    . . .      Spirit   .   a - +0 robe
rPois   ∞          Reflect  .   (helmet currently unavailable)
rElec   .          Harm     .   (no cloak)
rCorr   .          Rampage  .   (no gloves)
Will    .....                   (boots unavailable)
Stlth   +.........              (no amulet)
HPRegen 0.07/turn               (no ring)
MPRegen 0.00/turn               (no ring)

@: appendages, flying, constricted
A: horns 2, flying, sickness immunity, fire resistance 2, cold vulnerability 1,
float, innate caster, HP casting, extra vitality 1
a: End Transformation


You were on level 1 of the Dungeon.
You had temporarily grown beastly horns.
You visited 1 branch of the dungeon, and saw 1 of its levels.

Inventory:

Armour
 a - a +0 robe (worn)
Scrolls
 c - a scroll of blinking {unknown}
Potions
 b - a potion of lignification


   Skills:
 + Level 1.2 Fighting
 + Level 0.3 Armour
 + Level 2.3 Dodging
 * Level 3.2 Unarmed Combat
 + Level 1.6 Spellcasting


You couldn't memorise any spells.
You knew the following spells:

 Your Spells              Type           Power      Damage    Failure   Level
a - Beastly Appendage     Tmut           10%        N/A       12%         1
b - Wereblood             Tmut           5%         N/A       19%         2
c - Spider Form           Tmut/Pois      5%         N/A       36%         3
d - Ice Form              Ice/Tmut       5%         N/A       77%         4
Your spell library was empty.

Dungeon Overview and Level Annotations

Branches:
Dungeon (1/15)

Altars:


Innate Abilities, Weirdness & Mutations

You have temporarily grown beastly horns.
You are flying.
You are immune to sickness and miasma.
You are immune to poison.
Your flesh is very heat resistant. (rF++)
You are vulnerable to cold. (rC-)
You float through the air rather than walking.
You learn spells naturally, not from books.
Your magical power is your life essence.
You have superior vitality. (+4 MHP)


Message History

The kobold hits you but does no damage. The rat misses you.
You hit the rat.
You kill the rat!
The kobold hits you with a +0 club.
You hit the kobold.
You kill the kobold!
You hit the ball python.
The ball python is heavily wounded.
The ball python bites you. The ball python grabs you.
The ball python constricts you.
You barely miss the ball python.
The ball python is heavily wounded.
The rat bites you. The ball python bites you.
* * * LOW HITPOINT WARNING * * *
The ball python constricts you.
You hit the ball python but do no damage.
The ball python is heavily wounded.
The ball python barely misses you. The ball python constricts you.
* * * LOW HITPOINT WARNING * * *
The rat barely misses you.
The giant cockroach bites you but does no damage.
You escape the ball python's grasp.
Casting: Beastly Appendage (safe; 12% risk of failure)
Press: ? - help, Q - select action, (/) - cycle Dir - look around, f - activate You grow a pair of large bovine horns.
* * * LOW HITPOINT WARNING * * *
The ball python bites you.
* * * LOW HITPOINT WARNING * * *
The ball python grabs you. The ball python constricts you.
The rat barely misses you. The giant cockroach closely misses you.
You hit the rat.
You kill the rat!
The ball python bites you.
* * * LOW HITPOINT WARNING * * *
The ball python constricts you. The giant cockroach misses you.
You hit the giant cockroach but do no damage.
You headbutt the giant cockroach.
The giant cockroach is heavily wounded.
The ball python bites you.
You die...

...# #....#.# #.##
#..).#.# #.
#....#.# ..
#....#.#######
#............#
.....#.##..####.
###..#.##..####.##
#..#...........#
#.......@.#.#..
#..####BgS# #
......>)g......#
.##.#.......#># #
#....##.# ......
... ....#... ...
..... ### #.
......


You could see a giant cockroach, 2 goblins and a ball python.

Vanquished Creatures
  An endoplasm (D:1)
  2 goblins (D:1)
  A bat (D:1)
  A frilled lizard (D:1)
  2 kobolds (D:1)
  3 rats (D:1)
10 creatures vanquished.

Notes
Turn   | Place    | Note
-------+----------+-------------------------------------------
     0 | D:1      | lesaewzxc the Djinni Transmuter began the quest for the
                  | Orb.
     0 | D:1      | lesaewzxc set off with the following spells memorised:
                  | Beastly Appendage, Wereblood, Spider Form, Ice Form.
     0 | D:1      | Reached XP level 1. HP: 17/17 MP: 0/0
   166 | D:1      | Reached XP level 2. HP: 21/22 MP: 0/0
   191 | D:1      | HP: 1/22 [ball python (1)]
   192 | D:1      | Slain by a ball python

Illustrated notes

Levels and vault maps discovered:
D:1:      dpeg_arrival_triangle_fractal, layout_loops_cross,
          hellmonk_ecumenical_altar_blasted, chequers_serial_rivers_small_b

Action                   || total
-------------------------++-------
Melee: Unarmed           ||    31
       Headbutt          ||     2
       Punch             ||     1
 Cast: Beastly Appendage ||     4
 Stab: Sleeping          ||     1
Armor: Robe              ||     4
Dodge: Dodged            ||    24

Table legend: (Time is in decaauts)
 A = Elapsed time spent in this place.
 B = Non-inter-level travel time spent in this place.
 C = Inter-level travel time spent in this place.
 D = Time resting spent in this place.
 E = Time spent auto-exploring this place.
 F = Levels seen in this place.
 G = Mean time per level.
                   A        B        C        D        E       F      G
               +--------+--------+--------+--------+--------+-----+--------+
         Total |    190 |    190 |      0 |      0 |     44 |   1 |  190.0 |
       Dungeon |    190 |    190 |      0 |      0 |     44 |   1 |  190.0 |
               +--------+--------+--------+--------+--------+-----+--------+

Top non-repeatable levels by time:
     D:1: 190 daAuts
